General information
			
			
        
        - name: BNet
 
        - type: Ladder 1vs1/FFA
 
        - host: Battle.net
 
        - saver: BEAR_AND
 
        
map: EchoIsles 
        - players: 2
 
        - length: 24:56
 
        - speed: Fast
 - version: 1.26 W3XP
 - replay type:  

 
» download(90 KB)
Players
        team 1 (loser) 
              
              
Mina_TheOne (
blue | 64 APM | 1598 actions | 24:55)
              
 4 Mountain King 
 2 Storm Bolt
 2 Bash
 1 Paladin 
 1 Holy Light
 1 Archmage 
 1 Blizzard
 
                » actions 
                
                | Assign group hotkey | 26 |  | 
| Basic commands | 87 |  | 
| Build / train | 83 |  | 
| ESC pressed | 7 |  | 
| Enter build submenu | 40 |  | 
| Enter hero's abilities submenu | 6 |  | 
| Give item / drop item | 2 |  | 
| Remove unit from queue | 2 |  | 
| Right click | 618 |  | 
| Select / deselect | 626 |  | 
| Select group hotkey | 15 |  | 
| Use ability | 86 |  | 
                1598 total
 » units 
                
                | Peasant | 8 |  | 
| Footman | 4 |  | 
| Rifleman | 4 |  | 
| Forest Troll Shadow Priest | 3 |  | 
| Ogre Mauler | 3 |  | 
| Knight | 2 |  | 
| Priest | 4 |  | 
| Gryphon Rider | 1 |  | 
| Dragonhawk Rider | 2 |  | 
| Siege Engine | 3 |  | 
                34 total
 » upgrades
                
                | Swords | 1 |  | 
| Gunpowder | 1 |  | 
| Backpack | 1 |  | 
| Plating | 1 |  | 
| Armor | 1 |  | 
| Lumber Harvesting | 2 |  | 
| Animal War Training | 1 |  | 
| Masonry | 3 |  | 
| Magic Sentry | 1 |  | 
| Priest Training | 2 |  | 
| Storm Hammers | 1 |  | 
| Cloud | 1 |  | 
                16 total
 » buildings
                
                | Barracks | 2 |  | 
| Scout Tower | 5 |  | 
| Farm | 7 |  | 
| Arcane Tower | 2 |  | 
| Altar of Kings | 1 |  | 
| Blacksmith | 1 |  | 
| Arcane Vault | 1 |  | 
| Keep | 2 |  | 
| Town Hall | 1 |  | 
| Castle | 1 |  | 
| Lumber Mill | 1 |  | 
| Guard Tower | 1 |  | 
| Arcane Sanctum | 1 |  | 
| Gryphon Aviary | 1 |  | 
| Workshop | 1 |  | 
                28 total
 » build order
                00:19 Barracks
00:22 Scout Tower
00:47 Farm
01:23 Arcane Tower
01:48 Altar of Kings
02:05 Barracks
02:25 Farm
02:43 Blacksmith
03:03 Farm
03:11 Scout Tower
03:50 Scout Tower
03:53 Farm
04:32 Arcane Tower
04:34 Arcane Vault
06:04 Farm
06:52 Keep
06:52 Keep
09:01 Town Hall
09:20 Castle
09:24 Lumber Mill
10:16 Farm
10:31 Guard Tower
11:20 Farm
12:23 Arcane Sanctum
16:22 Gryphon Aviary
20:55 Workshop
22:50 Scout Tower
23:14 Scout Tower
» items
                
                | Scroll of Regeneration | 2 |  | 
| Lesser Clarity Potion | 2 |  | 
| Sentry Wards | 2 |  | 
| Claws of Attack +9 | 1 |  | 
| Orb of Fire | 1 |  | 
| Boots of Speed | 1 |  | 
| Scroll of Protection | 1 |  | 
| Ring of Regeneration | 1 |  | 
                11 total
  
               team 2 (winner) 
              
              
BEAR_AND (
pink | 115 APM | 2857 actions | 24:56)
              
 4 Demon Hunter 
 2 Mana Burn
 2 Evasion
 4 Pandaren Brewmaster 
 2 Breath of Fire
 2 Drunken Haze
 3 Warden 
 2 Shadow Strike
 1 Blink
 
                » actions 
                
                | Assign group hotkey | 10 |  | 
| Basic commands | 5 |  | 
| Build / train | 112 |  | 
| Enter build submenu | 43 |  | 
| Enter hero's abilities submenu | 11 |  | 
| Give item / drop item | 4 |  | 
| Remove unit from queue | 8 |  | 
| Right click | 1664 |  | 
| Select / deselect | 561 |  | 
| Select group hotkey | 292 |  | 
| Use ability | 147 |  | 
                2857 total
 » units 
                » upgrades
                » buildings
                
                | Altar of Elders | 1 |  | 
| Moon Well | 13 |  | 
| Hunter's Hall | 1 |  | 
| Ancient Protector | 25 |  | 
| Tree of Ages | 1 |  | 
| Ancient of Wonders | 1 |  | 
| Tree of Eternity | 1 |  | 
| Tree of Life | 1 |  | 
                44 total
 » build order
                00:11 Altar of Elders
00:19 Moon Well
01:18 Hunter's Hall
01:39 Moon Well
02:24 Ancient Protector
02:28 Ancient Protector
03:05 Tree of Ages
03:14 Moon Well
03:49 Ancient Protector
04:01 Ancient Protector
04:03 Moon Well
05:02 Ancient of Wonders
06:14 Ancient Protector
07:38 Tree of Eternity
07:51 Moon Well
07:52 Moon Well
08:54 Ancient Protector
08:55 Moon Well
09:51 Ancient Protector
11:57 Tree of Life
12:00 Ancient Protector
12:00 Ancient Protector
12:03 Ancient Protector
12:14 Ancient Protector
13:14 Ancient Protector
13:15 Ancient Protector
13:16 Ancient Protector
16:14 Ancient Protector
16:16 Ancient Protector
16:17 Ancient Protector
16:18 Ancient Protector
16:21 Ancient Protector
17:50 Ancient Protector
17:51 Ancient Protector
17:53 Ancient Protector
17:56 Ancient Protector
18:01 Ancient Protector
18:09 Moon Well
18:09 Moon Well
18:10 Moon Well
18:11 Moon Well
18:12 Moon Well
18:13 Moon Well
21:04 Ancient Protector
» items
                
                | Staff of Preservation | 3 |  | 
| Boots of Speed | 3 |  | 
| Staff of Teleportation | 3 |  | 
| Orb of Venom | 6 |  | 
                15 total
  
                Chat log
          (00:24 / All) BEAR_AND: howd
(00:25 / All) BEAR_AND: y
(00:26 / All) BEAR_AND: from?
(01:42 / All) BEAR_AND: LOL
(01:47 / All) BEAR_AND: are you for real
(02:10 / All) BEAR_AND: christ you have a lot of games played
(02:21 / All) BEAR_AND: you'd think you would be good with 4000 games this season
(03:30 / All) BEAR_AND: wait
(03:33 / All) BEAR_AND: are you there
(03:41 / All) BEAR_AND: are you a computer
(08:34 / All) BEAR_AND: from???
(14:48 / All) BEAR_AND: ownage
(15:21 / All) BEAR_AND: you should quit
(15:22 / All) BEAR_AND: now
(20:50 / All) BEAR_AND: fuck
(20:52 / All) BEAR_AND: you are awful
(20:58 / All) BEAR_AND: i've made 0 units
(22:10 / All) BEAR_AND: you're almost out of gold
(22:16 / All) BEAR_AND: take the expo.......if you can
(23:10 / All) BEAR_AND: there you go
(23:12 / All) BEAR_AND: ..............not
(23:23 / All) BEAR_AND: are you a retarded person
(23:28 / All) BEAR_AND: kill me
(23:31 / All) BEAR_AND: i just have 3 heroes
(23:32 / All) BEAR_AND: no units
(23:35 / All) BEAR_AND: make an army and kill me
(23:39 / All) BEAR_AND: it's easy